EL
MONTGOMERY BISCUITS @ BOWIE BAYSOX
09/16/2045
 
TOP OF THE 1ST
Montgomery Biscuits batting - Pitching for Bowie Baysox : RHP Brent Widder
Pitching: RHP Brent Widder
Batting: LHB Hyoji Toda 0-0: Called Strike
0-1: Ball
1-1: Ball
2-1: Called Strike
2-2: Foul Ball, location: 2F
2-2: Foul Ball, location: 2F
2-2: Strikes out swinging
Batting: LHB Jake Rheaume 0-0: Ground out 3-1 (Groundball, 34S, EV 87.5 MPH)
Batting: SHB Brett McEwen 0-0: Ball
1-0: Foul Ball, location: 2F
1-1: SINGLE (Groundball, 4MD, EV 96.2 MPH)
Batting: LHB Mario Ocana 0-0: Ball
1-0: Ball
2-0: Ground out 5-3 (Groundball, 25, EV 91.9 MPH)
Top of the 1st over - 0 runs, 1 hit, 0 errors, 1 left on base; Montgomery 0 - Bowie 0
BOTTOM OF THE 1ST
Bowie Baysox batting - Pitching for Montgomery Biscuits : RHP Colin Lancey Jr.
Pitching: RHP Colin Lancey Jr.
Batting: LHB Pat Shaddock 0-0: Called Strike
0-1: Ball
1-1: Ball
2-1: Ball
3-1: Foul Ball, location: 2F
3-2: Fly out, F8 (Flyball, 89M, EV 76.9 MPH)
Batting: RHB Danny Merrill 0-0: Called Strike
0-1: Fly out, F5 (Line Drive, 5, EV 70.0 MPH)
Batting: RHB Travis Carter 0-0: Ball
1-0: Called Strike
1-1: Foul Ball, location: 2F
1-2: Foul Ball, location: 2F
1-2: Ball
2-2: Foul Ball, location: 2F
2-2: Ground out 6-3 (Groundball, 6S, EV 79.4 MPH)
Bottom of the 1st over - 0 runs, 0 hits, 0 errors, 0 left on base; Montgomery 0 - Bowie 0
TOP OF THE 2ND
Montgomery Biscuits batting - Pitching for Bowie Baysox : RHP Brent Widder
Batting: RHB Paul Landes 0-0: Called Strike
0-1: Ball
1-1: Foul Ball, location: 2F
1-2: SOLO HOME RUN (Line Drive, 7LD, EV 96.2 MPH), Distance : 365 ft
Batting: RHB Dan Marks 0-0: Called Strike
0-1: Ball
1-1: Ball
2-1: DOUBLE (Groundball, 5L, EV 108.8 MPH)
Batting: RHB Mick Corrigan 0-0: Foul Ball, location: 2F
0-1: Ball
1-1: Called Strike
1-2: Strikes out swinging
Batting: RHB Jose Herrera 0-0: Called Strike
0-1: Ball
1-1: Ball
2-1: Called Strike
2-2: Ball
3-2: Foul Ball, location: 2F
3-2: Base on Balls
Batting: RHB Dusty Camelli 0-0: Ball
1-0: Ball
Passed Ball!
Dan Marks to third
Jose Herrera to second
2-0: Fly out, F9 (Flyball, 9D, EV 95.6 MPH)
Runner from 3rd tags up, OUT at HOME! 9-2
Top of the 2nd over - 1 run, 2 hits, 0 errors, 1 left on base; Montgomery 1 - Bowie 0
BOTTOM OF THE 2ND
Bowie Baysox batting - Pitching for Montgomery Biscuits : RHP Colin Lancey Jr.
Batting: LHB Raul Rojas 0-0: Ball
1-0: Ball
2-0: Fly out, F9 (Flyball, 9S, EV 87.5 MPH)
Batting: RHB Jordan Wallace 0-0: Called Strike
0-1: Ball
1-1: Ball
2-1: Swinging Strike
2-2: Strikes out swinging
Batting: LHB David Best 0-0: Called Strike
0-1: Foul Ball, location: 2F
0-2: Foul Ball, location: 2F
0-2: Ball
1-2: Fly out, F8 (Flyball, 8RM, EV 91.2 MPH)
Bottom of the 2nd over - 0 runs, 0 hits, 0 errors, 0 left on base; Montgomery 1 - Bowie 0
TOP OF THE 3RD
Montgomery Biscuits batting - Pitching for Bowie Baysox : RHP Brent Widder
Batting: LHB Hyoji Toda 0-0: Ball
1-0: Called Strike
1-1: Swinging Strike
1-2: Ground out 6-3 (Groundball, 6M, EV 89.4 MPH)
Batting: LHB Jake Rheaume 0-0: Called Strike
0-1: Called Strike
0-2: Ground out 4-3 (Groundball, 4S, EV 91.9 MPH)
Batting: SHB Brett McEwen 0-0: Called Strike
0-1: Ball
1-1: Ball
2-1: Called Strike
2-2: Foul Ball, location: 2F
2-2: Fly out, F9 (Flyball, 9LS, EV 87.5 MPH)
Top of the 3rd over - 0 runs, 0 hits, 0 errors, 0 left on base; Montgomery 1 - Bowie 0
BOTTOM OF THE 3RD
Bowie Baysox batting - Pitching for Montgomery Biscuits : RHP Colin Lancey Jr.
Batting: RHB Willie Manrique 0-0: Ball
1-0: SINGLE (Line Drive, 7S, EV 99.4 MPH)
Batting: LHB Jose Bethancourt 0-0: Called Strike
0-1: Ball
1-1: Fielders Choice at 2nd, 6-4 (Groundball, 6, EV 82.5 MPH)
Batting: SHB Hugo Moreno 0-0: Called Strike
0-1: Called Strike
0-2: Strikes out swinging
Batting: LHB Pat Shaddock 0-0: Ball
1-0: Fly out, F9 (Flyball, 9S, EV 86.2 MPH)
Bottom of the 3rd over - 0 runs, 1 hit, 0 errors, 1 left on base; Montgomery 1 - Bowie 0
TOP OF THE 4TH
Montgomery Biscuits batting - Pitching for Bowie Baysox : RHP Brent Widder
Batting: LHB Mario Ocana 0-0: Called Strike
0-1: Swinging Strike
0-2: Ball
1-2: Fly out, F8 (Flyball, 89M, EV 88.8 MPH)
Batting: RHB Paul Landes 0-0: Ball
1-0: Called Strike
1-1: Ball
2-1: Foul Ball, location: 2F
2-2: Foul Ball, location: 2F
2-2: Foul Ball, location: 2F
2-2: Ball
3-2: Foul Ball, location: 2F
3-2: Base on Balls
Batting: RHB Dan Marks 0-0: Ball
1-0: Ball
2-0: Fielders Choice at 2nd, 4-6 (Groundball, 4, EV 103.1 MPH)
Batting: RHB Mick Corrigan 0-0: Called Strike
0-1: Fly out, F9 (Flyball, 9S, EV 91.2 MPH)
Top of the 4th over - 0 runs, 0 hits, 0 errors, 1 left on base; Montgomery 1 - Bowie 0
BOTTOM OF THE 4TH
Bowie Baysox batting - Pitching for Montgomery Biscuits : RHP Colin Lancey Jr.
Batting: RHB Danny Merrill 0-0: Ball
1-0: Ball
2-0: Foul Ball, location: 2F
2-1: Called Strike
2-2: Fly out, F7 (Flyball, 78S, EV 88.1 MPH)
Batting: RHB Travis Carter 0-0: Ball
1-0: Ball
2-0: Called Strike
2-1: SINGLE (Groundball, 56S, EV 65.6 MPH) (infield hit)
Batting: LHB Raul Rojas 0-0: Ball
1-0: Foul Ball, location: 2F
1-1: Called Strike
1-2: Ball
2-2: Fielders Choice at 2nd, 5-6 (Groundball, 56, EV 83.8 MPH)
Batting: RHB Jordan Wallace 0-0: Called Strike
0-1: Fielders Choice at 2nd, 6-4 (Groundball, 6, EV 104.4 MPH)
Bottom of the 4th over - 0 runs, 1 hit, 0 errors, 1 left on base; Montgomery 1 - Bowie 0
TOP OF THE 5TH
Montgomery Biscuits batting - Pitching for Bowie Baysox : RHP Brent Widder
Batting: RHB Jose Herrera 0-0: Ball
1-0: Fly out, F8 (Flyball, 8RM, EV 86.2 MPH)
Batting: RHB Dusty Camelli 0-0: Ball
1-0: Ball
2-0: Foul Ball, location: 2F
2-1: Ball
3-1: Called Strike
3-2: Base on Balls
Batting: LHB Hyoji Toda 0-0: Ball
1-0: Ball
2-0: Ball
3-0: Base on Balls
Dusty Camelli to second
Batting: LHB Jake Rheaume 0-0: Ground out 5-3 (Groundball, 56S, EV 91.2 MPH)
Dusty Camelli to third
Hyoji Toda to second
Batting: SHB Brett McEwen 0-0: Ball
1-0: Foul Ball, location: 2F
1-1: Swinging Strike
1-2: Foul Ball, location: 2F
1-2: Foul Ball, location: 2F
1-2: Foul Ball, location: 2F
1-2: SINGLE (Line Drive, 7LS, EV 102.5 MPH)
Dusty Camelli scores
Hyoji Toda to third
Runner from 3rd tries for Home, SAFE, throw by LF to home
Batting: LHB Mario Ocana 0-0: Foul Ball, location: 2F
0-1: Foul Ball, location: 2F
0-2: Fly out, F7 (Flyball, 7LS, EV 91.9 MPH)
Top of the 5th over - 2 runs, 1 hit, 0 errors, 1 left on base; Montgomery 3 - Bowie 0
BOTTOM OF THE 5TH
Bowie Baysox batting - Pitching for Montgomery Biscuits : RHP Colin Lancey Jr.
Batting: LHB David Best 0-0: Ball
1-0: Fly out, F9 (Flyball, 9D, EV 100.6 MPH)
Batting: RHB Willie Manrique 0-0: Called Strike
0-1: Ball
1-1: DOUBLE (Flyball, 89XD, EV 101.9 MPH)
Batting: LHB Jose Bethancourt 0-0: Called Strike
0-1: Ball
1-1: Ball
2-1: Swinging Strike
2-2: Ball
3-2: Foul Ball, location: 2F
3-2: Strikes out looking
Batting: SHB Hugo Moreno 0-0: Ball
1-0: Swinging Strike
1-1: Swinging Strike
1-2: Ball
2-2: Strikes out swinging
Bottom of the 5th over - 0 runs, 1 hit, 0 errors, 1 left on base; Montgomery 3 - Bowie 0
TOP OF THE 6TH
Montgomery Biscuits batting - Pitching for Bowie Baysox : RHP Brent Widder
Batting: RHB Paul Landes 0-0: Ball
1-0: Ball
2-0: Swinging Strike
2-1: Swinging Strike
2-2: Foul Ball, location: 2F
2-2: Ball
3-2: Strikes out looking
Pitching: RHP Josh Blankenship
Batting: RHB Dan Marks 0-0: Ball
1-0: Called Strike
1-1: Ball
2-1: Ball
3-1: Called Strike
3-2: Base on Balls
Batting: RHB Mick Corrigan 0-0: Swinging Strike
0-1: Foul Ball, location: 2F
0-2: Ball
1-2: Ball
2-2: Foul Ball, location: 2F
2-2: Ball
3-2: Base on Balls
Dan Marks to second
Batting: RHB Jose Herrera 0-0: Ground out 5-3 (Groundball, 56S, EV 68.8 MPH)
Dan Marks to third
Mick Corrigan to second
Batting: RHB Dusty Camelli 0-0: Ball
1-0: Swinging Strike
1-1: Swinging Strike
1-2: Ball
2-2: Foul Ball, location: 2F
2-2: Strikes out swinging
Top of the 6th over - 0 runs, 0 hits, 0 errors, 2 left on base; Montgomery 3 - Bowie 0
BOTTOM OF THE 6TH
Bowie Baysox batting - Pitching for Montgomery Biscuits : RHP Colin Lancey Jr.
Batting: LHB Pat Shaddock 0-0: Swinging Strike
0-1: Ball
1-1: Ball
2-1: Foul Ball, location: 2F
2-2: Strikes out looking
Batting: RHB Danny Merrill 0-0: Ball
1-0: Ball
2-0: Called Strike
2-1: Ball
3-1: Ground out 6-3 (Groundball, 6, EV 88.8 MPH)
Batting: RHB Travis Carter 0-0: Called Strike
0-1: Ball
1-1: Swinging Strike
1-2: Fly out, F8 (Flyball, 8LM, EV 90.0 MPH)
Bottom of the 6th over - 0 runs, 0 hits, 0 errors, 0 left on base; Montgomery 3 - Bowie 0
TOP OF THE 7TH
Montgomery Biscuits batting - Pitching for Bowie Baysox : RHP Josh Blankenship
Batting: LHB Hyoji Toda 0-0: Ball
1-0: Foul Ball, location: 2F
1-1: Ball
2-1: Ball
3-1: Foul Ball, location: 2F
3-2: Base on Balls
Batting: LHB Jake Rheaume 0-0: Ball
1-0: Bunted foul
1-1: Ball
2-1: Sac Bunt to 15 - play at first, batter OUT! 1-4
Hyoji Toda to second
Batting: SHB Brett McEwen 0-0: Foul Ball, location: 2F
0-1: Called Strike
0-2: Ball
1-2: Ball
2-2: Foul Ball, location: 2F
2-2: Ball
3-2: Strikes out looking
Batting: LHB Mario Ocana 0-0: Called Strike
0-1: Ball
1-1: Called Strike
1-2: Ground out 4-3 (Groundball, 4, EV 100.0 MPH)
Top of the 7th over - 0 runs, 0 hits, 0 errors, 1 left on base; Montgomery 3 - Bowie 0
BOTTOM OF THE 7TH
Bowie Baysox batting - Pitching for Montgomery Biscuits : RHP Colin Lancey Jr.
Batting: LHB Raul Rojas 0-0: Called Strike
0-1: Ball
1-1: Foul Ball, location: 2F
1-2: Fly out, F8 (Flyball, 8LM, EV 81.2 MPH)
Batting: RHB Jordan Wallace 0-0: Ball
1-0: Ball
2-0: Ball
3-0: Base on Balls
Batting: LHB David Best 0-0: Fly out, F4 (Popup, 4, EV 48.8 MPH)
Batting: RHB Willie Manrique Pickoff Throw to First - Out! 1-3
Bottom of the 7th over - 0 runs, 0 hits, 0 errors, 0 left on base; Montgomery 3 - Bowie 0
TOP OF THE 8TH
Montgomery Biscuits batting - Pitching for Bowie Baysox : RHP Josh Blankenship
Pitching: RHP Mike Wheeler
Batting: RHB Paul Landes 0-0: Foul Ball, location: 2F
0-1: Ball
1-1: Ball
2-1: Foul Ball, location: 2F
2-2: Strikes out swinging
Batting: RHB Dan Marks 0-0: Ground out 4-3 (Groundball, 4, EV 81.9 MPH)
Batting: RHB Mick Corrigan 0-0: Ball
1-0: Called Strike
1-1: Ball
2-1: Called Strike
2-2: Strikes out swinging
Top of the 8th over - 0 runs, 0 hits, 0 errors, 0 left on base; Montgomery 3 - Bowie 0
BOTTOM OF THE 8TH
Bowie Baysox batting - Pitching for Montgomery Biscuits : RHP Colin Lancey Jr.
Now at 1B: Mark Richert
Now in LF: Kevin Kush
Batting: RHB Willie Manrique 0-0: Ball
1-0: Ball
2-0: Ground out 6-3 (Groundball, 6, EV 95.6 MPH)
Batting: LHB Jose Bethancourt 0-0: Foul Ball, location: 2F
0-1: Ball
1-1: Swinging Strike
1-2: Strikes out swinging
Batting: SHB Hugo Moreno 0-0: Called Strike
0-1: Swinging Strike
0-2: Ground out 6-3 (Groundball, 56, EV 80.6 MPH)
Bottom of the 8th over - 0 runs, 0 hits, 0 errors, 0 left on base; Montgomery 3 - Bowie 0
TOP OF THE 9TH
Montgomery Biscuits batting - Pitching for Bowie Baysox : RHP Mike Wheeler
Batting: RHB Jose Herrera 0-0: SINGLE (Groundball, 4, EV 98.1 MPH)
Batting: RHB Dusty Camelli 0-0: Ball
1-0: Ball
2-0: Foul Ball, location: 2F
2-1: Called Strike
2-2: Strikes out swinging
Batting: LHB Hyoji Toda 0-0: Called Strike
0-1: Swinging Strike
0-2: Reached on error, E4 (Groundball, 4S, EV 66.9 MPH)
Jose Herrera to second
Batting: LHB Jake Rheaume 0-0: Called Strike
0-1: SINGLE (Groundball, 4MD, EV 107.5 MPH)
Jose Herrera to third
Hyoji Toda to second
Throwing error, E8
Jose Herrera scores
Hyoji Toda to third
Jake Rheaume to second
Batting: SHB Brett McEwen 0-0: Called Strike
0-1: Ball
1-1: Fly out, F7 (Flyball, 7D, EV 93.1 MPH)
Runner from 3rd tags up, SCORES, no throw by LF
Jake Rheaume to third
Batting: LHB Mario Ocana 0-0: Ground out U3 (Groundball, 34, EV 86.9 MPH)
Top of the 9th over - 2 runs, 2 hits, 2 errors, 1 left on base; Montgomery 5 - Bowie 0
BOTTOM OF THE 9TH
Bowie Baysox batting - Pitching for Montgomery Biscuits : RHP Colin Lancey Jr.
Batting: LHB Pat Shaddock 0-0: Called Strike
0-1: Ball
1-1: Ball
2-1: Fly out, F7 (Flyball, 78S, EV 90.6 MPH)
Batting: RHB Danny Merrill 0-0: Called Strike
0-1: Swinging Strike
0-2: Strikes out swinging
Batting: RHB Travis Carter 0-0: Foul Ball, location: 2F
0-1: Ball
1-1: Ground out U3 (Groundball, 3, EV 103.8 MPH)
Bottom of the 9th over - 0 runs, 0 hits, 0 errors, 0 left on base; Montgomery 5 - Bowie 0
Wednesday, June 22nd , 2022 - OOTP Baseball 23.4 Build 64